AoeStats
← shali

Arabia

507957368Analyzed
2v2 RM · 12d ago on Sep 20, 2026· 18m 57s· 4 players
Game mode
Random Map
Map size
Medium (4 player)
Population
200
Speed
Normal
Resources
Standard
Victory
Conquest
Starting age
Dark Age
Ending age
Imperial Age
RankedLock teamsTeams togetherTeam positionsShared explorationLock speedFull tech treeHidden civsTurbo modeCheats
Victory
Defeat
🇮🇱 Teutons · Israel
651
+11
🇮🇱 Franks · Israel
644
+11
🇬🇷 Romans · Greece
594
-13
🇬🇷 Burgundians · Greece
472
-9
MANIOU
9:28 Feudal Age
10:01 Horse Collar
10:32 Double-Bit Axe
11:18 Gold Mining
20:25 Castle Age
konidis44
10:36 Feudal Age
10:53 Double-Bit Axe
11:52 Bow Saw
17:37 Wheelbarrow
17:20 Horse Collar
shali
1:35 Loom
11:22 Feudal Age
12:01 Horse Collar
12:10 Double-Bit Axe
18:46 Fletching
19:27 Forging
Lortix
7:11 Loom
9:32 Feudal Age
18:00 Scale Barding Armor
Connection lost

Rejoining the realm…

Still unreachable

The connection could not be restored.

Session expired

The server has moved on; the page needs a fresh start.